 Dungeon Crawl Stone Soup version 0.28-a0-1339-ga5422284a4 (webtiles) character file.

Game seed: 2817797366606608961

197640 SnakkuSnakku7 the Gelid (level 18, -9/116 HPs)
             Began as a Tengu Ice Elementalist on Dec 28, 2021.
             Was a High Priest of Ashenzari.
             Killed from afar by a shock serpent (14 damage)
             ... with a bolt of electricity
             ... on level 1 of the Snake Pit on Dec 29, 2021.
             The game lasted 01:59:57 (42095 turns).

SnakkuSnakku7 the Gelid (Tengu Ice Elementalist)   Turns: 42095, Time: 01:59:57

Health: -9/116     AC: 23    Str: 13 (14) XL:     18   Next: 41%
Magic:  44/44      EV: 18    Int: 22      God:    Ashenzari [*****.]
Gold:   2028       SH: 15    Dex: 20      Spells: 7/41 levels left

rFire   + . .      SeeInvis +   a - staff of cold (curse) {Elem, Comp}
rCold   + . .      Faith    .   j - +0 kite shield of Ashenzari's Moon {Elem, Cun} (curse)
rNeg    . . .      Spirit   .   M - +6 scale mail of the Fated Servitude {Will+ rCorr MP+9 Dex+5, Elem, Fort} (curse)
rPois   +          Reflect  .   (helmet restricted)
rElec   .          Harm     .   t - +2 cloak of Supernal Knowledge {Self, Elem} (curse)
rCorr   +          Rampage  .   v - +2 pair of gloves "Eternal Syndicalism" {Elem, Evo} (curse)
Will    +++..      Clarity  +   (boots unavailable)
Stlth   ++........              g - amulet of Ashenzari's Ordeal {RegenMP, Elem, Fort} (curse)
HPRegen 0.29/turn               l - ring "Niumporr" {rF+ Str+4}
MPRegen 0.69/turn               z - ring "Share My Boredom" {Wiz rPois Will+, Melee, Elem} (curse)

@: flying quickly and evasively, studying Long Blades, quick
A: beak, talons 3, nimble flight
}: 1/15 runes: gossamer
a: Renounce Religion, Curse Item, Shatter the Chains


You were on level 1 of the Snake Pit.
You worshipped Ashenzari.
Ashenzari was extremely pleased with you.
You visited 6 branches of the dungeon, and saw 29 of its levels.
You also visited: Ossuary and Gauntlet.

You collected 3078 gold pieces.
You spent 1050 gold pieces at shops.

Inventory:

Missiles
 k - 5 throwing nets
 x - 11 curare-tipped darts
Armour
 j - the cursed +0 kite shield of Ashenzari's Moon (worn) {Elem, Cun}
   (You found it on level 4 of the Dungeon)

   It has a curse which improves the following skills: Elements: Fire Magic, Ice
   Magic, Air Magic and Earth Magic.
   Cunning:   Dodging and Stealth.
 t - the cursed +2 cloak of Supernal Knowledge (worn) {Self, Elem}
   (You took it off Crazy Yiuf on level 5 of the Dungeon)

   It has a curse which improves the following skills: Introspection: Fighting
   and Spellcasting.
   Elements:  Fire Magic, Ice Magic, Air Magic and Earth Magic.
 v - the cursed +2 pair of gloves "Eternal Syndicalism" (worn) {Elem, Evo}
   (You found it on level 6 of the Dungeon)

   It has a curse which improves the following skills: Elements: Fire Magic, Ice
   Magic, Air Magic and Earth Magic.
   Evocations: Evocations.
 M - the cursed +6 scale mail of the Fated Servitude (worn) {Will+ rCorr MP+9 Dex+5, Elem, Fort}
   (You bought it in a shop on level 1 of the Orcish Mines)

   Dex:       It affects your dexterity (+5).
   MP:        It affects your magic capacity (+9).
   rCorr:     It protects you from acid and corrosion.
   Will:      It increases your willpower.
   It has a curse which improves the following skills: Elements: Fire Magic, Ice
   Magic, Air Magic and Earth Magic.
   Fortitude: Armour and Shields.
Magical Staves
 a - a cursed staff of cold (weapon) {Elem, Comp}
 c - a staff of fire
 A - a staff of conjuration
Jewellery
 g - the cursed amulet of Ashenzari's Ordeal (around neck) {RegenMP, Elem, Fort}
   (You found it on level 2 of the Dungeon)

   [amulet of magic regeneration]

   It increases your rate of magic regeneration.
   It has a curse which improves the following skills: Elements: Fire Magic, Ice
   Magic, Air Magic and Earth Magic.
   Fortitude: Armour and Shields.
 h - the ring "Atzuvviy" {rF+ rC- Int-2 Dex+8 Slay+6}
   (You found it on level 15 of the Dungeon)

   [ring of protection from fire]

   Int:       It affects your intelligence (-2).
   Dex:       It affects your dexterity (+8).
   Slay:      It affects your accuracy & damage with ranged weapons and melee
   (+6).
   rF:        It protects you from fire.
   rC:        It makes you vulnerable to cold.
 l - the ring "Niumporr" (left hand) {rF+ Str+4}
   (You found it on level 15 of the Dungeon)

   [ring of protection from fire]

   Str:       It affects your strength (+4).
   rF:        It protects you from fire.
 w - a ring of fire
 z - the cursed ring "Share My Boredom" (right hand) {Wiz rPois Will+, Melee, Elem}
   (You acquired it on level 7 of the Dungeon)

   [ring of wizardry]

   It improves your spell success rate.
   rPois:     It protects you from poison.
   Will:      It increases your willpower.
   It has a curse which improves the following skills: Melee Combat: Short
   Blades, Long Blades, Axes, Maces & Flails, Polearms, Staves and Unarmed
   Combat.
   Elements:  Fire Magic, Ice Magic, Air Magic and Earth Magic.
 H - a +4 ring of evasion
 O - a +4 ring of protection
 P - the ring "Qelid" {Ice Drain Will+++ Dex+5 SInv}
   (You found it on level 15 of the Dungeon)

   [ring of ice]

   It enhances your ice magic.
   Dex:       It affects your dexterity (+5).
   rF:        It makes you vulnerable to fire.
   rC:        It protects you from cold.
   SInv:      It lets you see invisible.
   Drain:     It drains your maximum health when unequipped.
   Will:      It greatly increases your willpower.
Wands
 i - a wand of acid (8)
 y - a wand of iceblast (49)
 B - a wand of mindburst (15)
 C - a wand of paralysis (12)
 F - a wand of polymorph (16)
 G - a wand of flame (29)
 K - a wand of digging (1)
Scrolls
 b - 5 scrolls of amnesia
 d - 12 scrolls of teleportation
 f - 3 scrolls of enchant armour
 n - 3 scrolls of blinking
 q - 2 scrolls of magic mapping
 r - 4 scrolls of immolation
 u - 4 scrolls of vulnerability
 E - a scroll of holy word
 J - 5 scrolls of fog
Potions
 e - 4 potions of cancellation
 m - 9 potions of curing
 o - 4 potions of haste
 p - 5 potions of invisibility
 s - 8 potions of brilliance
 D - 5 potions of heal wounds
 I - 2 potions of ambrosia
 L - 2 potions of might
 N - a potion of berserk rage


   Skills:
 + Level 11.0(13.6) Fighting
 - Level 4.0(6.5) Staves
 - Level 10.3(14.4) Armour
 - Level 8.0(10.7) Dodging
 - Level 2.0(4.0) Stealth
 - Level 13.1(17.2) Shields
 - Level 9.7(12.4) Spellcasting
 - Level 10.0 Conjurations
 - Level 5.0(13.5) Fire Magic
 - Level 17.5(27) Ice Magic
 - Level 12.1(21.8) Air Magic
 - Level 3.0 Poison Magic
 - Level 7.6(10.4) Evocations


You had 7 spell levels left.
You knew the following spells:

 Your Spells              Type           Power      Damage    Failure   Level
a - Sticky Flame          Conj/Fire      60%        2d8       1%          4
b - Frozen Ramparts       Ice            100%       1d12      0%          3
c - Ozocubu's Armour      Ice            100%       N/A       0%          3
d - Poisonous Vapours     Pois/Air       100%       N/A       1%          2
e - Airstrike             Air            41%        N/A       0%          4
f - Freezing Cloud        Conj/Ice/Air   50%        6-21      1%          5
g - Hailstorm             Conj/Ice       97%        3d19      1%          4
h - Polar Vortex          Ice            57%        N/A       9%          9

Your spell library contained the following spells:

 Spells                   Type           Power      Damage    Failure   Level
 Freeze                   Ice            100%       1d11      0%          1
 Shock                    Conj/Air       100%       1d9       0%          1
 Swiftness                Air            83%        N/A       0%          3
 Magic Dart               Conj           100%       1d8       1%          1
 Corpse Rot               Necr/Air       100%       N/A       1%          2
 Ensorcelled Hibernation  Hex/Ice        100%       N/A       1%          2
 Searing Ray              Conj           100%       2d8       1%          2
 Conjure Flame            Conj/Fire      60%        6-21      1%          3
 Ignite Poison            Fire/Tmut/Pois 37%        N/A       1%          3
 Mephitic Cloud           Conj/Pois/Air  59%        N/A       1%          3
 Flame Wave               Conj/Fire      60%        2d10      1%          4
 Ice Form                 Ice/Tmut       83%        N/A       1%          4
 Summon Ice Beast         Ice/Summ       84%        N/A       1%          4
 Metabolic Englaciation   Hex/Ice        41%        N/A       1%          5
 Simulacrum               Ice/Necr       42%        N/A       3%          6
 Animate Skeleton         Necr           30%        N/A       4%          1
 Summon Small Mammal      Summ           60%        N/A       4%          1
 Apportation              Tloc           26%        N/A       6%          1
 Beastly Appendage        Tmut           26%        N/A       6%          1
 Passwall                 Tmut/Erth      13%        N/A       6%          2
 Call Imp                 Summ           15%        N/A       8%          2
 Fulminant Prism          Conj/Hex       17%        3d11      8%          4
 Iskenderun's Mystic Bla  Conj/Tloc      35%        2d8       8%          4
 Wereblood                Tmut           13%        N/A       9%          2
 Spider Form              Tmut/Pois      20%        N/A       9%          3
 Tukima's Dance           Hex            13%        N/A       16%         3
 Irradiate                Conj/Tmut      17%        3d19      21%         5
 Leda's Liquefaction      Hex/Erth       8%         N/A       38%         4
 Animate Dead             Necr           7%         N/A       43%         4
 Alistair's Intoxication  Tmut/Pois      13%        N/A       61%         5
 Lee's Rapid Deconstruct  Erth           9%         3d8*      61%         5
 Iron Shot                Conj/Erth      19%        9d4       61%         6
 Borgnjor's Vile Clutch   Necr/Erth      8%         N/A       69%         5
 Summon Mana Viper        Hex/Summ       14%        N/A       78%         5
 Eringya's Noxious Bog    Tmut/Pois      10%        N/A       98%         6
 Death Channel            Necr           7%         N/A       99%         6
 Statue Form              Tmut/Erth      10%        N/A       99%         6
 Enfeeble                 Hex            6%         N/A       100%        7
 Monstrous Menagerie      Summ           7%         N/A       100%        7


Dungeon Overview and Level Annotations

Branches:
Dungeon (15/15)            Temple (1/1) D:7            Lair (6/6) D:9
  Snake (1/4) Lair:3       Spider (4/4) Lair:4        Slime (0/5) Lair:6
    Orc (2/2) D:10            Elf (0/3) Orc:2        Vaults (0/5) D:13
 Depths (0/4) D:15        Ossuary (visited)         Gauntlet (visited)

Altars:
Ashenzari
Cheibriados
Dithmenos
Fedhas
Gozag
Hepliaklqana
Kikubaaqudgha
Makhleb
Okawaru
Sif Muna
Trog
Uskayaw
Vehumet
Wu Jian
Xom
Yredelemnul
Zin
The Shining One

Shops:
D:6 *   Orc:1 [   Orc:2 *:[(

Annotations:
D:5 exclusion: white imp


Innate Abilities, Weirdness & Mutations

You have a beak for a mouth.
You have claws for feet.
Your magical nature lets you fly swiftly and evasively.


Message History

Press: ? - help, Shift-Dir - straight line, f/p - shock serpent
Aim: a shock serpent (will become an anaconda, an eye of devastation, or a raiju, chance to affect: 54%)
The shock serpent resists with significant effort.
The shock serpent shoots out a bolt of lightning at you!
The bolt of electricity hits you! The bolt of electricity misses you.
The bolt of electricity hits the shock serpent.
The shock serpent completely resists.
You hear an angry hiss.
Aiming: Polymorph
Press: ? - help, Shift-Dir - straight line, f/p - shock serpent
Aim: a shock serpent (will become an anaconda, an eye of devastation, or a raiju, chance to affect: 54%)
The shock serpent resists with significant effort.
You block the shock serpent's attack.
The shock serpent shoots out a bolt of lightning at you!
The bolt of electricity misses you. The bolt of electricity hits you!!
The bolt of electricity hits the shock serpent.
The shock serpent completely resists.
Aiming: Polymorph
Press: ? - help, Shift-Dir - straight line, f/p - shock serpent
Aim: a shock serpent (will become an anaconda, an eye of devastation, or a raiju, chance to affect: 54%)
The shock serpent resists with significant effort.
The shock serpent shoots out a bolt of lightning at you!
The bolt of electricity hits you!!
* * * LOW HITPOINT WARNING * * *
The bolt of electricity hits you!
* * * LOW HITPOINT WARNING * * *
The bolt of electricity hits the shock serpent.
The shock serpent completely resists.
A mana viper comes into view.
Blink to where?
Press: ? - help, Dir - move target, p - shock serpent A naga comes into view.
It is wielding a +0 long sword.
As you read the scroll of blinking, it crumbles to dust.
The naga moves out of view.
Blink to where?
Press: ? - help, Dir - move target
As you read the scroll of blinking, it crumbles to dust.
The shock serpent shoots out a bolt of lightning at you!
The bolt of electricity hits you!
You die...

########......>., *
#########........
#########........ ,
####....##..{{.# * * ,
#####.##.##.###{., ,
######.#..##S###.. , ,
##...#......#.†.#.. ,,
#.......#######S#..,
#.......@......§#..,
,,,
#.....############.,,,
##...........#######*
, ##......####'###..[.
,, ##...........)<#.#
** ##.............#.#
,, ##.........†...#.#
*,*
#######........#.#* **
#######........# , ,
,**


You could see a shock serpent.

Vanquished Creatures
  Arachne (Spider:4)
  Nikola (Spider:3)
  Agnes (Spider:4)
  4 emperor scorpions
  6 ghost moths
  A broodmother (Spider:2)
  A stone giant (D:15)
  Nessos (D:14)
  Azrael (D:14)
  5 spark wasps
  A minotaur (Gauntlet)
  An entropy weaver (Spider:4)
  A dire elephant (Lair:6)
  An ettin (D:15)
  Harold (D:8)
  4 boulder beetles
  2 catoblepae
  8 vault guards
  Erolcha (Orc:2)
  3 centaur warriors (D:15)
  An anaconda (Snake:1)
  3 two-headed ogres
  18 hydras
  An ogre mage (D:15)
  2 death knights
  A radroach (Spider:4)
  3 death yaks (Lair:6)
  2 deep troll shamans
  3 tengu warriors
  The ghost of shoop the Cleaver, a novice PaAK of Lugonu (D:10)
  Urug (D:10)
  3 orc high priests (Orc:2)
  A shock serpent (Snake:1)
  The ghost of Creed the Destroyer, a novice DsCj of Vehumet (D:8)
  Sonja (Lair:5)
  4 sun moths
  2 pharaoh ants
  A glowing orange brain (D:15)
  3 steelbarb worms
  14 orb spiders
  2 deep elf archers (D:15)
  9 orc knights
  2 deep elf pyromancers
  2 lindwurms
  2 necromancers (D:15)
  2 wizards (D:15)
  2 deep elf zephyrmancers (D:15)
  15 wolf spiders
  5 orc sorcerers
  An oklob plant (Gauntlet)
  16 ugly things
  A manticore (D:15)
  17 cyclopes
  A moth of wrath (Spider:4)
  Maurice (D:10)
  2 guardian serpents (D:15)
  Joseph (D:10)
  8 black mambas
  4 gargoyles
  20 elephants
  2 yaktaurs (D:15)
  7 rime drakes
  An unseen horror (D:12)
  9 cane toads
  9 torpor snails
  8 komodo dragons
  3 kobold demonologists
  2 tengu conjurers (D:15)
  A yaktaur (shapeshifter) (D:13)
  12 demonic crawlers
  A freezing wraith (D:13)
  8 trolls
  A queen bee (shapeshifter) (D:14)
  A queen bee (Spider:2)
  21 meliai
  2 polar bears
  Prince Ribbit (D:7)
  9 hornets
  A hornet (shapeshifter) (D:15)
  16 slime creatures
  34 tarantellas
  2 meliai zombies
  21 blink frogs
  29 jumping spiders
  19 culicivoras
  4 centaur simulacra
  4 shadows (Gauntlet)
  A water elemental (D:14)
  44 yaks
  A ynoxinul (Gauntlet)
  3 fire elementals (D:14)
  3 wraiths
  4 wyverns
  9 basilisks
  43 redbacks
  7 vampire mosquitoes
  7 wargs
  A harpy simulacrum (D:15)
  2 nagas
  12 water moccasins
  2 floating eyes (D:15)
  4 acid dragons
  3 hell hounds (D:14)
  22 orc warriors
  A hornet zombie (D:8)
  4 sky beasts
  2 meliai simulacra
  6 black bears
  27 wolves
  4 ogres
  3 centaurs
  4 kobold brigands
  3 elf zombies (Ossuary)
  17 bullfrogs
  2 gnoll sergeants
  A scorpion (D:5)
  7 earth elementals (D:14)
  A hornet simulacrum (Gauntlet)
  14 killer bees
  A wight (D:10)
  6 electric eels
  A howler monkey (D:14)
  2 bullfrog zombies (D:7)
  4 centaur zombies
  3 jellies
  2 human zombies (Ossuary)
  3 hounds
  Crazy Yiuf (D:5)
  16 orc priests
  4 centaur skeletons
  A gnoll shaman (D:7)
  3 iguanas
  4 iron imps (Gauntlet)
  21 orc wizards
  A killer bee zombie (D:7)
  2 hound zombies (Ossuary)
  3 mummies (Ossuary)
  2 howler monkey zombies
  A howler monkey skeleton (D:7)
  3 adders
  14 gnolls
  3 shadow imps
  An ufetubus (D:5)
  5 adder zombies (Ossuary)
  5 worms
  4 dart slugs
  57 orcs
  4 ball pythons
  9 bats
  6 endoplasms
  2 gnoll zombies (Ossuary)
  6 goblins
  5 hobgoblins
  4 quokkas
  2 frilled lizards
  3 goblin zombies (Ossuary)
  2 hobgoblin zombies (Ossuary)
  6 jackal zombies (Ossuary)
  24 kobolds
  4 kobold zombies (Ossuary)
  3 orc zombies (Ossuary)
  3 quokka zombies (Ossuary)
  5 rats
  A rat zombie (Ossuary)
978 creatures vanquished.

Vanquished Creatures (collateral kills)
  2 slime creatures (D:12)
2 creatures vanquished.

Vanquished Creatures (others)
  A boulder beetle (D:14)
  48 fungi
  45 plants
  4 toadstools (D:1)
98 creatures vanquished.

Grand Total: 1078 creatures vanquished

Notes
Turn   | Place    | Note
-------+----------+-------------------------------------------
     0 | D:1      | SnakkuSnakku7 the Tengu Ice Elementalist began the quest
                  | for the Orb.
     0 | D:1      | Reached XP level 1. HP: 10/10 MP: 4/4
    81 | D:1      | Reached skill level 4 in Ice Magic
    81 | D:1      | Reached XP level 2. HP: 14/15 MP: 1/6
   924 | D:1      | Reached XP level 3. HP: 19/19 MP: 5/7
  1266 | D:2      | Learned a level 3 spell: Frozen Ramparts
  2062 | D:3      | Reached skill level 5 in Ice Magic
  2062 | D:3      | Reached XP level 4. HP: 24/24 MP: 5/8
  2086 | D:3      | Found an opulent altar of Gozag.
  2638 | D:3      | Found a faded altar of an unknown god.
  2816 | D:4      | Gained mutation: Your magical nature lets you fly swiftly
                  | and evasively. [Tengu growth]
  2816 | D:4      | Reached XP level 5. HP: 22/28 MP: 6/9
  3122 | D:4      | Learned a level 2 spell: Poisonous Vapours
  3517 | D:5      | Entered Level 5 of the Dungeon
  3529 | D:5      | Noticed a water moccasin
  3801 | D:5      | Reached skill level 1 in Air Magic
  3801 | D:5      | Reached skill level 1 in Poison Magic
  3815 | D:5      | Reached XP level 6. HP: 32/32 MP: 8/10
  4069 | D:5      | Found a runed translucent door.
  4070 | D:5      | Noticed Crazy Yiuf
  4384 | D:5      | Killed a water moccasin
  4385 | D:5      | Reached XP level 7. HP: 26/36 MP: 7/11
  4492 | D:5      | Reached skill level 5 in Air Magic
  4893 | D:5      | Killed Crazy Yiuf
  5417 | D:6      | Identified the +4 long sword of Udemuhon {vorpal, rC+
                  | Dex+4}
  5556 | D:6      | Found Zimiutoj's Sacrilege Store.
  5567 | D:6      | Identified a scroll of acquirement
  5569 | D:6      | Acquired a staff of cold
  5676 | D:6      | Learned a level 3 spell: Ozocubu's Armour
  6009 | D:7      | Reached XP level 8. HP: 41/41 MP: 12/14
  6014 | D:7      | Learned a level 4 spell: Sticky Flame
  6023 | D:7      | Found a sand-covered staircase.
  6092 | D:7      | Reached skill level 1 in Conjurations
  6092 | D:7      | Reached skill level 1 in Fire Magic
  6134 | Ossuary  | Entered an ossuary
  7601 | D:7      | Reached skill level 5 in Conjurations
  7677 | D:7      | Found a staircase to the Ecumenical Temple.
  7933 | Temple   | Entered the Ecumenical Temple
  8070 | Temple   | Became a worshipper of Ashenzari the Shackled
  8131 | D:7      | Acquired the ring "Qodasij" {Wiz rPois Will+}
  8373 | D:7      | Reached skill level 5 in Fire Magic
  8373 | D:7      | Reached XP level 9. HP: 42/45 MP: 9/15
  8750 | D:7      | Noticed Prince Ribbit
  8762 | D:7      | Killed Prince Ribbit
  8763 | D:7      | Reached skill level 5 in Spellcasting
  8768 | D:7      | Learned a level 4 spell: Hailstorm
  8978 | D:7      | Reached skill level 6 in Ice Magic
  9862 | D:8      | Found a runed translucent gate.
  9863 | D:8      | Found a runed translucent gate.
  9863 | D:8      | Found a runed translucent gate.
  9883 | D:8      | Reached skill level 7 in Ice Magic
  9962 | D:8      | Noticed Creed's ghost (novice DsCj)
 10159 | D:8      | Noticed Harold
 10174 | D:8      | Killed Harold
 10175 | D:8      | Reached skill level 8 in Ice Magic
 10175 | D:8      | Reached XP level 10. HP: 41/50 MP: 3/18
 10354 | D:9      | You are sucked into a shaft and drop 3 floors!
 10419 | D:12     | Reached skill level 9 in Ice Magic
 10771 | D:12     | Reached skill level 10 in Ice Magic
 11506 | D:12     | Noticed an orc knight
 11523 | D:12     | Killed an orc knight
 11524 | D:12     | Reached skill level 10 in Conjurations
 11605 | D:12     | Noticed an unseen horror
 11612 | D:12     | Killed an unseen horror
 11770 | D:12     | Noticed a gargoyle
 11816 | D:12     | Noticed a gargoyle
 11855 | D:11     | Found a shimmering altar of Xom.
 11883 | D:11     | Noticed a kobold demonologist
 11893 | D:11     | Killed a kobold demonologist
 11931 | D:11     | Reached XP level 11. HP: 45/62 MP: 12/19
 12034 | D:11     | Reached skill level 5 in Fighting
 12172 | D:11     | Noticed a two-headed ogre
 12201 | D:11     | Killed a two-headed ogre
 12467 | D:10     | Entered Level 10 of the Dungeon
 12497 | D:10     | Noticed a deep elf pyromancer
 12739 | D:10     | Learned a level 4 spell: Airstrike
 12789 | D:10     | Found a runed translucent gate.
 12789 | D:10     | Found a runed translucent gate.
 12789 | D:10     | Found a runed translucent gate.
 12790 | D:10     | Found a staircase to the Orcish Mines.
 12792 | D:10     | Noticed shoop's ghost (novice PaAK)
 12916 | D:10     | Noticed a two-headed ogre
 12921 | D:10     | Killed a two-headed ogre
 12967 | D:10     | Noticed Urug
 13034 | D:10     | Killed Urug
 13065 | D:10     | Noticed Maurice
 13313 | D:10     | Killed Maurice
 13553 | D:10     | Noticed Joseph
 13634 | D:9      | Noticed a cyclops
 13796 | D:9      | Killed a cyclops
 14092 | D:9      | Reached * piety under Ashenzari
 14413 | D:9      | Found a staircase to the Lair.
 14900 | D:10     | Noticed a tengu warrior
 14934 | D:10     | Killed a tengu warrior
 14935 | D:10     | Reached skill level 5 in Dodging
 15148 | D:10     | Noticed a cyclops
 15149 | D:10     | Noticed a four-headed hydra
 15154 | D:10     | Killed a cyclops
 15155 | D:10     | Reached XP level 12. HP: 59/73 MP: 4/20
 15157 | D:10     | Killed a four-headed hydra
 15297 | D:10     | Identified the +8 whip "Bissib" {flame, rPois rF+ rC-
                  | Dex+2}
 15328 | D:10     | Identified the +0 helmet of Shielding {+Inv rF+}
 15653 | D:10     | Killed Joseph
 16027 | D:10     | Killed shoop's ghost
 16328 | D:8      | Killed Creed's ghost
 16395 | Lair:1   | Entered Level 1 of the Lair of Beasts
 16683 | Lair:1   | Reached ** piety under Ashenzari
 16756 | Lair:1   | Noticed a six-headed hydra
 16764 | Lair:1   | Killed a six-headed hydra
 16849 | Lair:1   | Found a blossoming altar of Fedhas.
 17364 | Lair:2   | Noticed a seven-headed hydra
 17372 | Lair:2   | Killed a seven-headed hydra
 17373 | Lair:2   | Reached skill level 5 in Shields
 17452 | Lair:2   | Noticed an eight-headed hydra
 17470 | Lair:2   | Killed an eight-headed hydra
 17555 | Lair:2   | Found a gate leading to a gauntlet.
 17573 | Gauntlet | Entered a Gauntlet
 17573 | Gauntlet | Noticed a reaper
 17573 | Gauntlet | Identified the -1 helmet of the Bagpipe {rC+ rN+ Str+2}
 17573 | Gauntlet | Found a transporter.
 17573 | Gauntlet | Found a transporter.
 17573 | Gauntlet | Found a transporter.
 17722 | Gauntlet | Found a transporter.
 17722 | Gauntlet | Found a transporter.
 17737 | Gauntlet | Found a transporter.
 17738 | Gauntlet | Found a transporter.
 17739 | Gauntlet | Identified the +10 rapier of Red Wine {flame, rC+++ Int+3}
 17798 | Gauntlet | Found a transporter.
 17810 | Gauntlet | Found a transporter.
 17823 | Gauntlet | Found a transporter.
 17833 | Gauntlet | Found a transporter.
 17848 | Gauntlet | Found a transporter.
 18077 | Gauntlet | Reached XP level 13. HP: 57/78 MP: 18/23
 18490 | Gauntlet | Noticed a minotaur
 18498 | Gauntlet | Killed a minotaur
 18532 | Gauntlet | Identified the +1 chain mail of the Bulwark {Int+2 Dex+4}
 20002 | Lair:2   | Reached skill level 10 in Shields
 20321 | Lair:3   | Found a staircase to the Snake Pit.
 20391 | Lair:3   | Reached *** piety under Ashenzari
 21603 | Lair:4   | Found a hole to the Spider Nest.
 22171 | Lair:5   | Reached XP level 14. HP: 79/84 MP: 16/24
 22810 | Lair:5   | Reached skill level 11 in Ice Magic
 22909 | Lair:5   | Noticed Sonja
 22911 | Lair:5   | Killed Sonja
 23410 | Lair:5   | Reached skill level 10 in Air Magic
 23561 | Lair:6   | Entered Level 6 of the Lair of Beasts
 23867 | Lair:6   | Found a staircase to the Slime Pits.
 24458 | Lair:6   | Reached skill level 5 in Armour
 24892 | Lair:6   | Noticed a dire elephant
 24935 | Lair:6   | Killed a dire elephant
 25158 | Lair:6   | Identified the +9 rapier of Calculation {vorpal, Str+2}
 25163 | Lair:6   | Identified the +5 quarterstaff "Piaqirramp" {protect,
                  | rElec}
 25533 | D:11     | Found a shimmering altar of Xom.
 25533 | D:11     | Found a shimmering altar of Xom.
 25534 | D:11     | Found a shimmering altar of Xom.
 25537 | D:11     | Found a shimmering altar of Xom.
 26230 | D:12     | Reached XP level 15. HP: 92/92 MP: 19/27
 26320 | Orc:1    | Entered Level 1 of the Orcish Mines
 26498 | Orc:2    | Entered Level 2 of the Orcish Mines
 26842 | Orc:1    | Found Qezasui's Armour Emporium.
 27154 | Orc:1    | Reached skill level 10 in Armour
 27552 | Orc:1    | Bought the +6 scale mail of Lagyum {Will+ rCorr MP+9 Dex+5}
                  | for 816 gold pieces
 27562 | Orc:1    | Reached **** piety under Ashenzari
 27710 | Orc:2    | Reached skill level 1 in Evocations
 27925 | Orc:2    | Noticed Erolcha
 27930 | Orc:2    | Killed Erolcha
 28156 | Orc:2    | Reached skill level 5 in Evocations
 28280 | Orc:2    | Found Jacvo's Weapon Shop.
 28280 | Orc:2    | Found Teoffuj's Antique Armour Emporium.
 28283 | Orc:2    | Found Peuve's Book Shop.
 28283 | Orc:2    | Found Cetaery's General Store.
 28292 | Orc:2    | Bought a potion of heal wounds for 75 gold pieces
 28292 | Orc:2    | Bought a potion of curing for 45 gold pieces
 28294 | Orc:2    | Bought a glowing robe for 114 gold pieces
 28366 | Orc:2    | Found a staircase to the Elven Halls.
 28735 | D:13     | Found an ornate altar of the Wu Jian Council.
 29302 | D:13     | Found a gate to the Vaults.
 29673 | D:14     | Noticed Nessos
 29681 | D:14     | Killed Nessos
 29730 | D:14     | Noticed Azrael
 29739 | D:14     | Killed Azrael
 30713 | D:14     | Reached XP level 16. HP: 97/98 MP: 29/31
 31566 | D:15     | Entered Level 15 of the Dungeon
 31566 | D:15     | Found the +5 robe of Night {Dark Will+ SInv}
 31574 | D:15     | Upgraded the game from 0.28-a0-1312-g71652a0310 to
                  | 0.28-a0-1339-ga5422284a4
 31786 | D:15     | Found a staircase to the Depths.
 32073 | D:15     | Reached skill level 12 in Ice Magic
 32206 | D:15     | Reached ***** piety under Ashenzari
 32424 | D:15     | Identified the ring "Qelid" {Ice Drain Will+++ Dex+5 SInv}
 32424 | D:15     | Identified the amulet of Numum {Acrobat Int+3}
 32435 | D:15     | Found a transporter.
 32439 | D:15     | Found a radiant altar of Vehumet.
 32657 | D:15     | Found a shimmering altar of Xom.
 32672 | D:15     | Identified the ring "Atzuvviy" {rF+ rC- Int-2 Dex+8 Slay+6}
 32687 | D:15     | Reached skill level 13 in Ice Magic
 32745 | D:15     | Found a transporter.
 32765 | D:15     | Found a glowing silver altar of Zin.
 32810 | D:15     | Identified the ring "Niumporr" {rF+ Str+4}
 32848 | D:15     | Learned a level 5 spell: Freezing Cloud
 32858 | D:15     | Learned a level 9 spell: Polar Vortex
 33068 | D:15     | Identified the Reference Book on Arcane Weapons
 33320 | D:15     | Reached skill level 14 in Ice Magic
 33699 | Spider:1 | Entered Level 1 of the Spider Nest
 34375 | Spider:1 | Reached XP level 17. HP: 103/103 MP: 34/34
 34859 | Spider:1 | Identified the +5 scale mail of Supple Strength {+Blink rF-
                  | Str+2 Dex+2}
 35148 | Spider:2 | Identified the +7 rapier "Dihub" {drain, rC++ rN+}
 35224 | Spider:2 | Reached skill level 15 in Ice Magic
 35531 | Spider:2 | Identified the +1 war axe of the Asp {pain, Str-4 Int+7
                  | Dex-2}
 36651 | Spider:2 | Reached skill level 16 in Ice Magic
 37389 | Spider:3 | Noticed Nikola
 38207 | Spider:3 | Reached skill level 17 in Ice Magic
 38288 | Spider:4 | Entered Level 4 of the Spider Nest
 38733 | Spider:4 | Noticed Agnes
 38744 | Spider:4 | Killed Agnes
 38752 | Spider:4 | Paralysed by a hornet for 2 turns
 39433 | Spider:3 | Killed Nikola
 39727 | Spider:4 | Reached XP level 18. HP: 98/108 MP: 20/35
 41121 | Spider:4 | Noticed Arachne
 41132 | Spider:4 | Reached skill level 10 in Fighting
 41136 | Spider:4 | Killed Arachne
 41608 | Spider:4 | Got a gossamer rune of Zot
 41904 | Snake:1  | Entered Level 1 of the Snake Pit
 42093 | Snake:1  | HP: 4/116 [shock serpent/bolt of electricity (13)]
 42095 | Snake:1  | Killed from afar by a shock serpent

Illustrated notes

Levels and vault maps discovered:
D:1:      ldierk_walled_garden_2, layout_rooms
D:2:      layout_rooms
D:3:      layout_loops_ring, grunt_gozag_statues, basic_ecumenical_altar
D:4:      layout_loops_ring, minmay_misc_feat_chi, st_stairs_8
D:5:      layout_gridville, uniq_crazy_yiuf_cottage
D:6:      layout_loops_ring, skrybe_limestone_x, nicolae_evil_shop
D:7:      layout_basic, minmay_temple_entry_slanted,
          lightli_ossuary_entry_decrepit_ruins, grunt_ministairs_7,
          uniq_prince_ribbit1
D:8:      layout_basic, ebering_ghost_rock_garden, uniq_harold
D:9:      layout_small_grid, grunt_lair_entry_orc_guard_hut
D:10:     layout_stronghold, orc_0_dummy, ebering_ghost_rock_garden,
          minmay_the_grid_2x2 [minmay_the_grid_mess, minmay_the_grid_paths,
          minmay_the_grid_broken_lines, minmay_the_grid_prize_inner_circle],
          uniq_joseph, uniq_maurice, uniq_urug
D:11:     layout_irregular_city, xom_redecorated
D:12:     layout_gridville, lightli_minifort
D:13:     layout_irregular_city, lightli_vaults_fourway_checkpoint,
          nzn_wu_jian_contemplation
D:14:     layout_basic, grunt_decor_fettered, palyth_stone_intersect,
          hangedman_cracks_in_the_wall, uniq_nessos, uniq_azrael
D:15:     hangedman_spin_cycle, serial_shops
Temple:   roderic_octagonal_lattice_temple
Lair:1:   layout_hall_layers, basic_altar
Lair:2:   layout_regular_city, gauntlet_entry_generic, lemuel_fruit_fields,
          infiniplex_staircase_pool, serial_bayou_shore_a, grunt_megastairs_2
Lair:3:   layout_cave_pods, guppyfry_snake_entry_island
Lair:4:   layout_loops_ring, spider_nest_entry_web_field, lemuel_fruit_tree,
          grunt_megastairs_4
Lair:5:   layout_cave_pods, uniq_sonja
Lair:6:   grunt_lair_end_beastmaster, layout_small_grid,
          minmay_slime_entry_pillars
Snake:1:  layout_basic, portal_ice_cave_entry_pillars_three,
          hellmonk_ghost_happy_afterlife, serial_shops, shop
Spider:1: layout_spider_delve
Spider:2: layout_spider_delve, hive_lemuel
Spider:3: layout_spider_delve, uniq_nikola
Spider:4: johnstein_spider_rune_arachne_lair, nicolae_spider_webs_and_nodes,
          spiders_nest_hornet_nest, uniq_arachne, uniq_agnes
Orc:1:    layout_caves, serial_shops, shop, mines5_lemuel
Orc:2:    grunt_orc_tribal_feast, layout_diamond_mine, uniq_erolcha

Skill      XL: |  1  2  3  4  5  6  7  8  9 10 11 12 13 14 15 16 17 18 |
---------------+-------------------------------------------------------+-----
Ice Magic      | 4 5 8 10 11 14 17 | 17.5
Air Magic      | 2 4 7 9 12 | 12.1
Poison Magic   | 1 3 |  3.0
Spellcasting   | 3 5 6 8 9 |  9.7
Conjurations   | 6 7 10 | 10.0
Fire Magic     | 5 |  5.0
Fighting       | 4 8 11 | 11.0
Dodging        | 6 8 |  8.0
Armour         | 4 8 10 | 10.3
Shields        | 7 12 13 | 13.1
Evocations     | 7 |  7.6
Staves         | 3 4 |  4.0
Stealth        | |  2.0

Action                   |  1- 3 |  4- 6 |  7- 9 | 10-12 | 13-15 | 16-18 || total
-------------------------+-------+-------+-------+-------+-------+-------++-------
Melee: Kick              |     5 |     7 |    94 |    41 |   109 |   158 ||   414
       Unarmed           |     2 |       |    23 |       |       |       ||    25
       Peck              |     4 |     8 |    61 |    32 |    71 |    90 ||   266
       Dagger            |     1 |       |       |       |       |       ||     1
       Staff             |    16 |    29 |   297 |   144 |   380 |   416 ||  1282
 Cast: Freeze            |    45 |    45 |    12 |       |       |       ||   102
       Frozen Ramparts   |       |     1 |     9 |    11 |    39 |    77 ||   137
       Poisonous Vapours |       |     8 |    83 |    43 |     2 |    12 ||   148
       Ozocubu's Armour  |       |       |    10 |     7 |     4 |    20 ||    41
       Sticky Flame      |       |       |    14 |    48 |    62 |     9 ||   133
       Hailstorm         |       |       |    10 |    32 |   103 |    63 ||   208
       Airstrike         |       |       |       |   105 |   353 |   387 ||   845
       Freezing Cloud    |       |       |       |       |       |    11 ||    11
       Polar Vortex      |       |       |       |       |       |     1 ||     1
Invok: Curse Item        |       |       |     1 |     3 |     3 |     1 ||     8
       Shatter the Chain |       |       |       |     1 |       |       ||     1
Evoke: Wand              |       |       |       |     1 |       |    11 ||    12
  Use: Scroll            |     1 |       |    10 |    13 |     1 |     5 ||    30
       Potion            |       |       |     3 |       |       |     4 ||     7
 Stab: Sleeping          |       |     1 |       |       |     1 |     2 ||     4
       Petrified         |       |       |       |       |    10 |       ||    10
       Petrifying        |       |       |       |       |     2 |       ||     2
       Distracted        |       |       |       |       |       |     2 ||     2
Armor: Robe              |    13 |     8 |   130 |    21 |       |       ||   172
       Skin              |       |       |    22 |       |       |       ||    22
       Acid dragon scale |       |       |       |    99 |    65 |       ||   164
       Scale mail        |       |       |       |       |    37 |   302 ||   339
Dodge: Dodged            |    30 |    49 |   303 |   236 |   370 |   545 ||  1533
Block: Kite shield       |       |       |       |    40 |   374 |   642 ||  1056

Table legend: (Time is in decaauts)
 A = Elapsed time spent in this place.
 B = Non-inter-level travel time spent in this place.
 C = Inter-level travel time spent in this place.
 D = Time resting spent in this place.
 E = Time spent auto-exploring this place.
 F = Levels seen in this place.
 G = Mean time per level.
                   A        B        C        D        E       F      G
               +--------+--------+--------+--------+--------+-----+--------+
         Total |  40437 |  38400 |   2037 |   9166 |  20159 |  31 | 1304.4 |
       Dungeon |  20093 |  19017 |   1076 |   3238 |  11511 |  15 | 1339.5 |
        Temple |    147 |    125 |     22 |      0 |    102 |   1 |  147.0 |
          Lair |   7981 |   7700 |    281 |   1456 |   4799 |   6 | 1330.2 |
     Snake Pit |    181 |    181 |      0 |     77 |      0 |   1 |  181.0 |
   Spider Nest |   7581 |   7106 |    475 |   3248 |   2315 |   4 | 1895.2 |
  Orcish Mines |   2087 |   1906 |    181 |     57 |   1220 |   2 | 1043.5 |
       Ossuary |   1421 |   1421 |      0 |    695 |      0 |   1 | 1421.0 |
      Gauntlet |    942 |    942 |      0 |    392 |    209 |   1 |  942.0 |
               +--------+--------+--------+--------+--------+-----+--------+

Top non-repeatable levels by time:
    D:10: 2660 daAuts
Spider:3: 2254 daAuts
    D:14: 1935 daAuts
    D:12: 1878 daAuts
Spider:1: 1853 daAuts
    D:15: 1838 daAuts
Spider:4: 1808 daAuts
  Lair:2: 1703 daAuts
  Lair:6: 1677 daAuts
Spider:2: 1665 daAuts
     D:7: 1601 daAuts
 Ossuary: 1421 daAuts
  Lair:5: 1366 daAuts
  Lair:4: 1304 daAuts
   Orc:2: 1264 daAuts
